 Dungeon Crawl Stone Soup version 0.19.4-8-ga85b6b9 (webtiles) character file.

116 Jerry the Chopper (level 5, -4/41 HPs)
             Began as a Formicid Abyssal Knight on Feb 8, 2017.
             Was a Believer of Lugonu.
             Slain by Crazy Yiuf
             ... wielding a +3 quarterstaff of chaos
              (13 damage)
             ... on level 2 of the Dungeon.
             The game lasted 00:05:24 (1715 turns).

Jerry the Chopper (Formicid Abyssal Knight)         Turns: 1715, Time: 00:05:25

Health: -4/41      AC: 10    Str: 17    XL:     5   Next: 21%
Magic:  7/7        EV:  7    Int: 12    God:    Lugonu [**....]
Gold:   135        SH:  0    Dex: 10    Spells: 0 memorised, 4 levels left

rFire  + . .     SeeInvis +     a - +1 hand axe
rCold  . . .     Gourm    .     l - +0 chain mail
rNeg   . . .     Faith    .     (no shield)
rPois  .         Spirit   .     (helmet unavailable)
rElec  .         Reflect  .     (no cloak)
rCorr  .         Harm     .     k - +0 pair of gloves
MR     .....                    (no boots)
Stlth  ..........               (no amulet)
                                (no ring)
                                q - ring of protection from fire

@: lethally poisoned (-4 -> -12), drained
A: permanent stasis, dig shafts and tunnels, four strong arms, antennae 3
a: Dig, Shaft Self, Depart the Abyss, Bend Space, Renounce Religion


You were on level 2 of the Dungeon.
You worshipped Lugonu.
Lugonu was pleased with you.
You were not hungry.

You visited 1 branch of the dungeon, and saw 2 of its levels.
You visited the Abyss 1 time.

You collected 135 gold pieces.

Inventory:

Hand Weapons
 a - a +1 hand axe (weapon)
Armour
 k - a +0 pair of gloves (worn)
 l - a +0 chain mail (worn)
Rods
 o - a +0 rod of shadows (10/10)
   (You found it on level 2 of the Dungeon)
Jewellery
 q - a ring of protection from fire (left hand)
Scrolls
 e - a scroll of blinking
 j - a scroll of remove curse
Potions
 f - a potion of degeneration {unknown}
 n - a potion of ambrosia {unknown}
Comestibles
 b - 2 chunks of flesh
 c - a bread ration
 i - a beef jerky
 m - a meat ration


   Skills:
 - Level 3.2(3.0) Fighting
 * Level 4.0(3.8) Axes
 + Level 3.3(3.1) Armour
 - Level 0.8(0.6) Dodging
 - Level 3.0(2.8) Invocations


You had 4 spell levels left.
You didn't know any spells.

Dungeon Overview and Level Annotations

Branches:
Dungeon (2/15)

Altars:
Kikubaaqudgha

Annotations:
D:2 Crazy Yiuf


Innate Abilities, Weirdness & Mutations

You are under a permanent stasis effect.
You can dig through walls and to a lower floor.
Your four strong arms can wield two-handed weapons with a shield.
You have a pair of large antennae on your head. (SInv)


Message History

* * * LOW HITPOINT WARNING * * *
Crazy Yiuf freezes you.
* * * LOW HITPOINT WARNING * * *
You are too injured to fight recklessly!
You are too injured to fight recklessly!
You are too injured to fight recklessly!
You are too injured to fight recklessly!
You completely miss Crazy Yiuf.
Crazy Yiuf is severely wounded.
You feel sick.
Crazy Yiuf grits, "Pitchfork disdain broken!"
Crazy Yiuf hits you but does no damage.
You hit Crazy Yiuf but do no damage.
Crazy Yiuf is severely wounded.
You feel sick. Crazy Yiuf hits you but does no damage.
You feel drained.
You hit Crazy Yiuf.
Crazy Yiuf is almost dead.
You feel sick. Crazy Yiuf hits you but does no damage.
Space warps horribly around you!
You die...

#.#
#.#.####..^......#.#########
..# ##........###...##..#
.####.<##.##### ###....##
.###....#.# ###### ####
.....##..## #... .######..#
#.## ## #.######## #.#
#.##...#§### ### #.#
#.......#§@##...# #.#
#......####g'...# #.##
##.#..## ###..)# #.## ######
### #.#[ #.#. #.#. #.#. #...
#...


You could see Crazy Yiuf.

Vanquished Creatures
  A gnoll (D:1)
  6 adders (D:2)
  2 worms (D:2)
  A dart slug (D:1)
  A leopard gecko (D:2)
  5 bats (D:2)
  5 giant cockroaches
  3 goblins
  3 hobgoblins
  5 jackals (D:2)
  4 kobolds
  2 quokkas (D:2)
  A ball python (D:2)
  2 frilled lizards (D:1)
  3 rats
44 creatures vanquished.

Notes
Turn   | Place    | Note
-------+----------+-------------------------------------------
     0 | Abyss:1  | Jerry the Formicid Abyssal Knight began the quest for the Orb.
     0 | Abyss:1  | Reached XP level 1. HP: 18/18 MP: 2/2
    14 | D:1      | Escaped the Abyss
    61 | D:1      | Reached XP level 2. HP: 18/24 MP: 3/3
   449 | D:1      | Reached XP level 3. HP: 24/29 MP: 4/4
   818 | D:2      | Reached skill level 3 in Axes
   935 | D:2      | Reached XP level 4. HP: 27/35 MP: 6/6
   942 | D:2      | Reached ** piety under Lugonu
  1256 | D:2      | Identified a +0 rod of shadows (10/10) (You found it on level 2 of the Dungeon)
  1288 | D:2      | Reached XP level 5. HP: 38/41 MP: 7/7
  1518 | D:2      | Found a runed door.
  1595 | D:2      | Reached skill level 4 in Axes
  1599 | D:2      | Found an ancient bone altar of Kikubaaqudgha.
  1702 | D:2      | Noticed Crazy Yiuf
  1715 | D:2      | Slain by Crazy Yiuf

Skill      XL: |  1  2  3  4  5 |
---------------+----------------+-----
Axes           | 3 4 |  4.0
Invocations    | 3 |  3.0
Armour         | 3 |  3.3
Fighting       | |  3.2
Dodging        | |  0.8

Action                   |  1- 3 |  4- 6 || total
-------------------------+-------+-------++-------
Melee: Hand axe          |    82 |   102 ||   184
 Abil: Dig               |     2 |       ||     2
  Use: Scroll            |       |     6 ||     6
  Eat: Chunk             |       |     3 ||     3
Armor: Leather armour    |    11 |       ||    11
       Chain mail        |    42 |    63 ||   105
Dodge: Dodged            |    44 |    34 ||    78
